AoeStats
← tony le gros rou

Black Forest

507984525Analyzed
3v3 RM · 10d ago on Sep 20, 2026· 34m 6s· 6 players
Game mode
Random Map
Map size
Normal (6 player)
Population
200
Speed
Normal
Resources
Standard
Victory
Conquest
Starting age
Dark Age
Ending age
Imperial Age
RankedLock teamsTeams togetherTeam positionsShared explorationLock speedFull tech treeHidden civsTurbo modeCheats
Victory
Defeat
🇫🇷 Britons · France
1510
+13
🇫🇷 Cumans · France
1434
+16
1402
+17
🇩🇪 Britons · Germany
1508
-18
🇫🇷 Poles · France
1430
-15
🇫🇷 Saracens · France
1381
-13
tony le gros rou
1:06 Loom
11:07 Feudal Age
15:57 Castle Age
23:50 Imperial Age
22:44 Double-Bit Axe
22:48 Horse Collar
23:10 Man-at-Arms
24:07 Scale Mail Armor
24:17 Forging
24:29 Long Swordsman
25:23 Two-Handed Swordsman
29:51 Scale Barding Armor
30:11 Capped Ram
31:52 Champion
AstrowPro
4:51 Loom
12:34 Feudal Age
16:56 Castle Age
15:09 Scale Barding Armor
15:45 Horse Collar
16:39 Bloodlines
18:01 Forging
20:53 Heavy Plow
21:15 Gold Mining
22:15 Double-Bit Axe
23:08 Bow Saw
24:14 Wheelbarrow
25:26 Chain Barding Armor
27:08 Gold Shaft Mining
27:28 Fervor
27:32 Husbandry
28:23 Hand Cart
28:59 Stone Mining
32:29 Iron Casting
35:25 Imperial Age
p0n0n0
6:11 Loom
8:28 Feudal Age
9:42 Double-Bit Axe
12:54 Fletching
23:19 Padded Archer Armor
24:29 Wheelbarrow
27:38 Castle Age
26:25 Gold Mining
28:28 Crossbowman
29:51 Horse Collar
31:03 Bodkin Arrow
33:32 Leather Archer Armor
Pinardouille la fripouille
1:14 Loom
9:56 Feudal Age
10:49 Double-Bit Axe
12:59 Man-at-Arms
14:33 Arson
18:10 Horse Collar
25:31 Castle Age
23:24 Gold Mining
23:51 Scale Mail Armor
30:01 Imperial Age
28:47 Chain Mail Armor
28:51 Pikeman
Maestro Gim's
0:41 Loom
10:49 Feudal Age
14:27 Castle Age
12:30 Double-Bit Axe
12:57 Horse Collar
16:12 Bow Saw
16:33 Town Watch
22:31 Wheelbarrow
22:51 Gold Mining
23:28 Heavy Plow
24:40 Hand Cart
24:28 Fletching
27:36 Imperial Age
25:47 Fletching
26:43 Bodkin Arrow
27:58 Fortified Wall
28:09 Ballistics
28:00 Masonry
29:29 Hand Cart
29:35 Bracer
30:55 Yeomen
30:39 Warwolf
32:08 Chemistry
31:52 Caravan
32:01 Padded Archer Armor
33:04 Leather Archer Armor
32:50 Scale Mail Armor
33:00 Forging
34:07 Siege Engineers
34:33 Architecture
MissBigoudixxx
6:23 Loom
9:52 Feudal Age
17:32 Horse Collar
27:58 Castle Age
26:51 Scale Barding Armor
26:57 Forging
27:53 Double-Bit Axe
28:44 Wheelbarrow
28:30 Bloodlines
29:40 Bow Saw
30:07 Chain Barding Armor
30:41 Gold Mining
31:31 Hand Cart
32:09 Iron Casting
Connection lost

Rejoining the realm…

Still unreachable

The connection could not be restored.

Session expired

The server has moved on; the page needs a fresh start.